 Dungeon Crawl Stone Soup version 0.17-a0-1403-g9df874c (webtiles) character file.

3045 MorinGrein the Cleaver (level 10, -4/70 HPs)
             Began as a Formicid Fighter on June 21, 2015.
             Was a Believer of Qazlal.
             Slain by a very large slime creature (59 damage)
             ... on level 8 of the Dungeon.
             The game lasted 00:48:19 (7164 turns).

MorinGrein the Cleaver (Formicid Fighter)           Turns: 7164, Time: 00:48:19

Health: -4/70      AC:  9    Str: 25    XL:     10   Next: 11%
Magic:  13/13      EV: 10    Int:  7    God:    Qazlal [**....]
Gold:   28         SH: 15    Dex: 17    Spells: 0 memorised, 9 levels left

rFire  + . .     SeeInvis +     a - +0 war axe
rCold  . . .     Clarity  .     b - +0 scale mail
rNeg   . . .     SustAt   .     G - +0 shield {rF+}
rPois  +         Gourm    .     (helmet unavailable)
rElec  .         Spirit   .     z - +0 cloak
rCorr  .         Warding  .     y - +0 pair of gloves of Cocytus {rPois}
rMut   .         Stasis   +     (no boots)
MR     +....                    C - amulet of regeneration
Stlth  ..........               r - +3 ring of dexterity
                                k - +4 ring of dexterity

@: somewhat resistant to hostile enchantments, extremely unstealthy
A: permanent stasis, dig shafts and tunnels, four strong arms, antennae 3
a: Dig, Shaft Self, Upheaval, Renounce Religion


You were on level 8 of the Dungeon.
You worshipped Qazlal.
Qazlal was pleased with you.
You were not hungry.

You visited 2 branches of the dungeon, and saw 9 of its levels.
You also visited: Sewer.

You collected 331 gold pieces.
You spent 303 gold pieces at shops.

Inventory:

Hand weapons
 a - a +0 war axe (weapon)
 p - a +0 broad axe
Armour
 b - a +0 scale mail (worn)
 y - the +0 pair of gloves of Cocytus (worn) {rPois}
   (You bought it in a shop on level 5 of the Dungeon)

   It protects you from poison.
 z - a +0 cloak (worn)
 G - a +0 shield of fire resistance (worn)
Jewellery
 f - an uncursed ring of magical power {unknown}
 k - a +4 ring of dexterity (left hand)
 r - a +3 ring of dexterity (right hand)
 C - an amulet of regeneration (around neck)
Magical devices
 d - a wand of fire (12)
 D - a wand of flame (10)
Scrolls
 g - a scroll of remove curse
 i - a scroll of recharging
 m - 2 scrolls of magic mapping
 o - 6 scrolls of identify
 q - 6 scrolls of teleportation {unknown}
 s - 3 scrolls of fear {unknown}
Potions
 h - 4 potions of curing
 j - 2 potions of flight
 v - 2 potions of invisibility
 w - 3 potions of brilliance {unknown}
 x - a potion of resistance {unknown}
 A - a potion of ambrosia {unknown}
 B - a potion of magic {unknown}
 E - a potion of heal wounds {unknown}
Comestibles
 e - 5 bread rations
 l - 2 fruits
 n - 5 meat rations
 u - 2 beef jerkies
 F - a slice of pizza


   Skills:
 - Level 3.2 Fighting
 * Level 10.1 Axes
 + Level 5.4 Armour
 - Level 9.2 Shields
 + Level 4.4 Invocations


You had 9 spell levels left.
You didn't know any spells.

Dungeon Overview and Level Annotations

Branches:
Dungeon (8/15)             Temple (1/1) D:5
   Lair: D:8-11

Altars:
Ashenzari
Cheibriados
Dithmenos
Elyvilon
Fedhas
Gozag
Kikubaaqudgha
Makhleb
Nemelex Xobeh
Okawaru
Qazlal
Ru
Sif Muna
Vehumet
Xom
Yredelemnul
Zin
The Shining One

Shops:
D:4 %   D:5 [}:(   D:7 [

Annotations:
D:5 Prince Ribbit


Innate Abilities, Weirdness & Mutations

You are under a permanent stasis effect.
You can dig through walls and to a lower floor.
Your four strong arms can wield two-handed weapons with a shield.
You have a pair of large antennae on your head (SInv).


Message History

You slash the very large slime creature!
The very large slime creature is moderately wounded.
You block the very large slime creature's attack.
You slash the very large slime creature!
The very large slime creature is heavily wounded.
You block the very large slime creature's attack.
You hit the very large slime creature.
The very large slime creature is heavily wounded.
The very large slime creature misses you.
You slash the very large slime creature!
The very large slime creature is heavily wounded.
You block the very large slime creature's attack.
You hit the very large slime creature but do no damage.
The very large slime creature is heavily wounded.
The very large slime creature closely misses you.
You barely miss the very large slime creature.
The very large slime creature is heavily wounded.
The very large slime creature hits you!!!
Ouch! That really hurt!
You die...

########
#......#
#.####.# #.# #.#
#.# #.# #.# #.#
#.# #.# #.####.#
#...<#@#
########J##
..........######
.).............#
#########..###.#
..# ..# ... #.##


You could see a very large slime creature.

Vanquished Creatures
  A slime creature (D:8)
  Sigmund (D:4)
  Menkaure (D:4)
  A hungry ghost (D:4)
  Edmund (D:4)
  The ghost of emikaela the Conjurer, an average DECj of Vehumet (D:4)
  2 ice beasts (D:7)
  A phantom (D:7)
  3 centaurs
  3 ogres
  3 giant frogs
  2 wights (D:7)
  A scorpion (D:7)
  2 hounds
  7 crimson imps
  2 orc priests
  2 jellies
  Crazy Yiuf (D:3)
  3 worker ants
  Jessica (D:2)
  2 giant frog skeletons
  An orc wizard (D:6)
  Natasha (twice) (D:4)
  2 iguanas
  A hound skeleton (D:5)
  A worker ant zombie (D:4)
  10 adders
  5 oozes
  An adder skeleton (D:4)
  8 worms
  3 giant geckos
  25 orcs
  2 ball pythons
  17 bats
  A bat zombie (D:5)
  12 hobgoblins
  9 jackals
  11 kobolds
  A quokka (D:4)
  11 giant cockroaches
  9 giant newts
  7 goblins
  A jackal skeleton (D:5)
  12 rats
193 creatures vanquished.

Notes
Turn   | Place    | Note
--------------------------------------------------------------
     0 | D:1      | MorinGrein the Formicid Fighter began the quest for the Orb.
     0 | D:1      | Reached XP level 1. HP: 18/18 MP: 1/1
   135 | D:1      | Reached XP level 2. HP: 21/24 MP: 2/2
   204 | D:1      | Reached skill level 4 in Shields
   627 | D:1      | You fall through a shaft!
   713 | D:2      | Reached XP level 3. HP: 29/29 MP: 3/3
   774 | D:2      | Found an opulent altar of Gozag.
  1062 | D:2      | Found a glowing golden altar of the Shining One.
  1266 | D:2      | Noticed Jessica
  1275 | D:2      | Killed Jessica
  1275 | D:2      | Reached XP level 4. HP: 28/35 MP: 4/4
  1654 | D:3      | Reached XP level 5. HP: 38/41 MP: 5/5
  1671 | D:3      | Found a white marble altar of Elyvilon.
  2037 | D:3      | Reached skill level 5 in Shields
  2188 | D:3      | Noticed Crazy Yiuf
  2195 | D:3      | Killed Crazy Yiuf
  2485 | D:3      | Reached XP level 6. HP: 45/47 MP: 6/6
  2822 | D:4      | Found Hous's Food Shop.
  2822 | D:4      | Noticed a hungry ghost
  2835 | D:4      | Killed a hungry ghost
  2835 | D:4      | Reached skill level 5 in Axes
  2885 | D:4      | Noticed Edmund
  2899 | D:4      | Killed Edmund
  2899 | D:4      | Reached skill level 6 in Shields
  2899 | D:4      | Reached XP level 7. HP: 52/52 MP: 7/7
  3078 | D:4      | Noticed Natasha
  3088 | D:4      | Killed Natasha
  3103 | D:4      | Reached skill level 7 in Shields
  3216 | D:4      | Noticed Natasha
  3230 | D:4      | Killed Natasha
  3342 | D:4      | Noticed Menkaure
  3354 | D:4      | Noticed Sigmund
  3355 | D:4      | Killed Menkaure
  3355 | D:4      | Reached XP level 8. HP: 33/58 MP: 8/8
  3365 | D:4      | Killed Sigmund
  3365 | D:4      | Reached skill level 8 in Shields
  3440 | D:4      | Noticed emikaela's ghost (average DECj)
  3469 | D:4      | Killed emikaela's ghost
  3469 | D:4      | Reached skill level 9 in Shields
  3563 | D:5      | Entered Level 5 of the Dungeon
  3597 | D:5      | Found Zozak's Antique Armour Shoppe.
  3810 | D:5      | Found Ompats's Gadget Shop.
  3813 | D:5      | Found Alao's Book Boutique.
  3836 | D:5      | Found a staircase to the Ecumenical Temple.
  3856 | Temple   | Entered the Ecumenical Temple
  3863 | Temple   | Became a worshipper of Qazlal Stormbringer
  3898 | D:5      | Noticed Prince Ribbit
  4159 | D:5      | Found Xozusepe's Antique Weapon Boutique.
  4537 | D:6      | Reached XP level 9. HP: 52/64 MP: 9/9
  4660 | D:6      | Found a glowing drain.
  4668 | Sewer    | Entered a sewer
  4760 | Sewer    | Acquired Qazlal's first power
  5214 | D:6      | Found a shimmering altar of Xom.
  5268 | D:5      | Bought a pair of faintly glowing gloves for 209 gold pieces
  5278 | D:5      | Identified the cursed +0 pair of gloves of Cocytus {rPois} (You bought it in a shop on level 5 of the Dungeon)
  5365 | D:6      | Reached skill level 1 in Invocations
  5827 | D:7      | Acquired Qazlal's second power
  6166 | D:7      | Found an opulent altar of Gozag.
  6430 | D:7      | Found Zopte's Antique Armour Emporium.
  6435 | D:7      | Bought a runed shield for 94 gold pieces
  6874 | D:7      | Reached skill level 5 in Armour
  6902 | D:7      | Reached XP level 10. HP: 45/70 MP: 12/12
  7022 | D:8      | Reached skill level 10 in Axes
  7164 | D:8      | Slain by a very large slime creature

Vault maps used:
D:1:      matt_arrival_spirals
D:2:      old_standard_altar, grunt_gozag_statues, uniq_jessica
D:3:      old_standard_altar, first_bread, corner_web_ring,
          uniq_crazy_yiuf_cottage
D:4:      serial_shops, nicolae_shop_scaring_up_business, uniq_sigmund,
          uniq_edmund, uniq_menkaure, uniq_natasha
D:5:      minmay_temple_entry_junction2, serial_shops, shop, shop,
          kennysheep_mini_moat, shop, st_stairs_2, uniq_prince_ribbit1
D:6:      lightli_sewer_entry_pipes, basic_altar
D:7:      lemuel_crystal_altar, serial_shops, kennysheep_little_box
D:8:      minmay_ornate_pinched, tgw_trog, hangedman_tree_tricks,
          nicolae_qazlal_style_of_elements
Temple:   nicolae_temple_no_exploring_needed
Sewer:    sewer_fruit_machine

Action                   |  1- 3 |  4- 6 |  7- 9 | 10-12 || total
-------------------------+-------+-------+-------+-------++-------
Melee: War axe           |   119 |   114 |   456 |    38 ||   727
Invok: Upheaval          |       |       |     2 |       ||     2
 Abil: Dig               |     6 |    19 |    22 |       ||    47
Evoke: Wand              |       |       |    17 |     3 ||    20
  Use: Potion            |     2 |     3 |     3 |     1 ||     9
       Scroll            |     1 |     4 |     4 |       ||     9
 Stab: Confused          |       |       |     1 |       ||     1
  Eat: Chunk             |     1 |     9 |    18 |     2 ||    30
